 Dungeon Crawl Stone Soup version 0.27-a0-343-gfcad680f63 (webtiles) character file.

Game seed: 9891596982843594066

16877 rednaxela the Bewitcher (level 12, 0/62 HPs)
             Began as a Felid Chaos Knight on Feb 15, 2021.
             Was a Plaything of Xom.
             Slain by a blink frog (10 damage)
             ... on level 5 of the Lair of Beasts.
             The game lasted 02:04:47 (19842 turns).

rednaxela the Bewitcher (Felid Chaos Knight)       Turns: 19842, Time: 02:04:47

Health: 0/62       AC: 27    Str:  8      XL:     12   Next: 13%
Magic:  16/27      EV: 23    Int: 24      God:    Xom [....*.]
Gold:   327        SH:  0    Dex: 15 (16) Spells: 6/32 levels left
                                        Lives:  0   Deaths: 3

rFire    . . .     SeeInvis +     - Unarmed
rCold    . . .     Faith    .   (shield unavailable)
rNeg     + + .     Spirit   .   (armour unavailable)
rPois    ∞         Reflect  .   (helmet unavailable)
rElec    +         Harm     .   (cloak unavailable)
rCorr    .         Rampage  .   (gloves unavailable)
Will     +++++     Clarity  +   (boots unavailable)
Stlth    +.........             L - amulet of the Four Winds {rN+ Will+++ Clar}
HPRegen  0.20/turn              t - ring of wizardry
MPRegen  0.20/turn              K - +6 ring of intelligence {=R}

@: statue-form, very slow
A: very small, no armour, no weapons or thrown items, stealth, antennae 1, claws
1, fangs 3, see invisible, strong-willed 1, wild magic 1, sharp paws
a: End Transformation, Renounce Religion


You were on level 5 of the Lair of Beasts.
You worshipped Xom.
You were a beloved toy of Xom.
You were a stone statue.
You visited 2 branches of the dungeon, and saw 16 of its levels.
You also visited: Sewer.

You collected 1760 gold pieces.
You spent 1433 gold pieces at shops.

Inventory:

Jewellery
 a - a ring of fire
 b - a ring of protection from cold
 p - an amulet of regeneration
 t - a ring of wizardry (left paw)
 x - a ring of positive energy
 F - a ring of willpower
 G - a ring of magical power
 K - a +6 ring of intelligence (right paw) {=R}
 L - the amulet of the Four Winds (around neck) {rN+ Will+++ Clar}
   (You bought it in a shop on level 6 of the Dungeon)

   [amulet of nothing]

   It protects you from negative energy.
   It affects your willpower, your defense against some magical effects.
   It protects you against confusion.
Wands
 m - a wand of digging (2)
 o - a wand of paralysis (9)
 v - a wand of random effects (28)
 A - a wand of polymorph (13)
 C - a wand of mindburst (28)
 E - a wand of flame (12)
 H - a wand of charming (10)
Scrolls
 c - 5 scrolls of teleportation
 d - a scroll of amnesia
 e - a scroll of magic mapping
 n - 6 scrolls of immolation
 r - a scroll of fear
 s - 4 scrolls of fog
 u - 2 scrolls of vulnerability
 y - a scroll of silence
 J - 6 scrolls of identify
Potions
 f - 4 potions of haste
 g - 2 potions of ambrosia
 h - 6 potions of heal wounds
 i - 2 potions of curing {unknown}
 j - a potion of lignification {unknown}
 k - a potion of cancellation {unknown}
 l - 4 potions of magic
 q - 5 potions of brilliance
 w - 2 potions of flight {unknown}
 B - 3 potions of might


   Skills:
 - Level 3.2 Fighting
 - Level 8.2 Dodging
 - Level 8.8 Unarmed Combat
 - Level 10.6 Spellcasting
 - Level 15.4 Hexes
 + Level 9.1 Transmutations
 + Level 7.5 Earth Magic


You had 6 spell levels left.
You knew the following spells:

 Your Spells              Type           Power        Failure   Level
a - Slow                  Hex            85%          1%          2
b - Ensorcelled Hibernat  Hex/Ice        100%         1%          2
c - Tukima's Dance        Hex            85%          1%          3
d - Confusing Touch       Hex            85%          1%          3
e - Invisibility          Hex            85%          1%          6
z - Statue Form           Tmut/Erth      41%          13%         6
F - Cause Fear            Hex            42%          1%          4

Your spell library contained the following spells:

 Spells                   Type           Power        Failure   Level
 Corona                   Hex            94%          1%          1
 Dazzling Flash           Conj/Hex       100%         1%          3
 Inner Flame              Hex/Fire       59%          1%          3
 Leda's Liquefaction      Hex/Erth       36%          1%          4
 Apportation              Tloc           32%          3%          1
 Lesser Beckoning         Tloc           8%           9%          3
 Alistair's Intoxication  Tmut/Pois      29%          12%         5
 Bolt of Magma            Conj/Fire/Erth 16%          24%         5
 Iron Shot                Conj/Erth      20%          58%         6
 Shatter                  Erth           29%          100%        9
 Portal Projectile        Hex/Tloc       Unusable     N/A         3
 Animate Armour           Summ/Erth      Unusable     N/A         4

Dungeon Overview and Level Annotations

Branches:
Dungeon (11/15)            Temple (0/1) D:5            Lair (5/6) D:8
 Shoals (0/4) Lair:2        Snake (0/4) Lair:4        Sewer (visited)
  Slime: Lair:5-6       Orc: D:9-12

Altars:
Ashenzari
Cheibriados
Fedhas
Gozag
Makhleb
Trog
Wu Jian
Xom
Yredelemnul
Zin
Beogh

Shops:
D:6 =

Annotations:
D:10 exclusion: downstairs
Lair:2 exclusion: 2 oklob plants


Innate Abilities, Weirdness & Mutations

You cannot wear armour.
You are incapable of wielding weapons or throwing items.
Your paws allow you to move quietly. (Stealth)
You have sharp claws.
You have razor-sharp teeth.
You have supernaturally acute eyesight. (SInv)
((You cover ground quickly.))
((Your thick and shaggy fur keeps you warm. (AC +3, rC+)))
Your sharp claws are effective at attacking unaware monsters.
You have a pair of small antennae on your head.
You are strong-willed. (Will+)
Your spells are a little harder to cast, but a little more powerful.


Message History

* * * LOW HITPOINT WARNING * * *
The death yak gores you.
* * * LOW HITPOINT WARNING * * *
As you read the scroll of teleportation, it crumbles to dust.
You feel strangely unstable.
The death yak closely misses the blink frog.
The death yak gores itself!
The blink frog blinks!
The death yak barely misses you.
Casting: Statue Form (quite dangerous; 13% risk of failure)
Confirm with . or Enter, or press ? or * to list all spells.
The blink frog looks frightened!
The death yak resists with some effort.
The death yak looks frightened!
The death yak resists with almost no effort.
The death yak resists with some effort.
The death yak resists with almost no effort. x2
The blink frog blinks!
The death yak completely misses you.
The death yak gores you but does no damage.
The blink frog blinks!
You hear a trumpeting!
There are monsters nearby!
Casting: Cause Fear (safe; 1% risk of failure)
Confirm with . or Enter, or press ? or * to list all spells.
The death yak resists with almost no effort.
The death yak easily resists.
The death yak resists with some effort.
The death yak easily resists.
The death yak resists with some effort.
The death yak easily resists.
The death yak closely misses you. x2
Casting: Cause Fear (safe; 1% risk of failure)
Confirm with . or Enter, or press ? or * to list all spells.
The yak looks frightened!
The death yak looks frightened!
The death yak easily resists.
The death yak looks frightened! x3
Your surroundings suddenly seem different.
Xom roars with laughter!
The yak bellows!
The blink frog hits you.
* * * LOW HITPOINT WARNING * * *
The blink frog blinks!
You closely miss the blink frog. The blink frog barely misses you.
The blink frog hits you!
You die...
Xom guffaws!

#...#.YY..##
##..Y.Y###.# #..Y.#Y##
#.Y.Y##Y## ##...#F##.#
#....†#.##.##
##.<.##Y###.# * *
#...##..§.#.# ,
,***#....##..8..#.# ,,
........##..F...## #
,,
,.)......##......#..#
,
.....#..............F
,
...##........<.......
*
,...*#................
*
,,,*#.............#..
,, ,,
#.......#...##### , ,
.............


You could see 2 death yaks, an elephant, a yak and 2 blink frogs.

Vanquished Creatures
  Fannar (Lair:3)
  3 hydras
  3 death yaks
  A glowing orange brain (shapeshifter) (Lair:1)
  An ugly thing (D:10)
  3 elephants
  A moth of wrath (shapeshifter) (D:10)
  A black mamba (Lair:4)
  8 cane toads
  4 komodo dragons
  A merfolk (Lair:3)
  A hornet (shapeshifter) (D:3)
  A polar bear (Lair:1)
  A tyrant leech (Lair:1)
  11 blink frogs
  A wraith (D:10)
  3 wyverns
  28 yaks
  A basilisk (Lair:1)
  A naga (Lair:4)
  12 water moccasins
  3 orc warriors
  2 ice beasts
  5 black bears
  A hornet zombie (D:9)
  4 sky beasts
  7 wolves
  A necrophage (D:6)
  7 centaurs
  An ogre (D:8)
  12 bullfrogs
  Blork the orc (D:4)
  A wyvern zombie (D:11)
  2 scorpions (D:4)
  9 wights
  6 killer bees (D:10)
  A crimson imp (D:5)
  2 centaur zombies
  2 bullfrog zombies
  2 bullfrog skeletons
  3 jellies
  5 orc priests
  14 hounds
  A centaur skeleton (D:5)
  5 iguanas
  8 orc wizards
  5 worker ants
  2 worker ant zombies
  A howler monkey skeleton (D:4)
  11 gnolls
  14 adders
  4 river rats (Sewer)
  A shadow imp (D:6)
  3 white imps
  An ufetubus (D:6)
  An adder zombie (D:7)
  3 worms
  2 dart slugs
  6 leopard geckos
  38 orcs
  5 giant cockroaches
  11 goblins
  3 hobgoblins (D:1)
  19 jackals
  10 kobolds
  4 quokkas
  6 ball pythons
  A ball python skeleton (D:5)
  3 bats
  8 frilled lizards
  A jackal skeleton (D:4)
  A leopard gecko skeleton (D:4)
  A quokka zombie (D:6)
  17 rats
374 creatures vanquished.

Vanquished Creatures (collateral kills)
  A two-headed ogre (D:11)
  3 death yaks
  8 yaks
  2 orc warriors (D:10)
  2 ogres
  A bullfrog (Lair:2)
  3 wights
  An orc priest (D:9)
  An iguana (D:7)
  A hound zombie (D:11)
  An adder (D:2)
  An ufetubus (D:6)
  2 orcs
27 creatures vanquished.

Vanquished Creatures (others)
  A hydra (D:11)
  A dancing weapon (D:9)
  A komodo dragon (Lair:2)
  A yak (Lair:3)
  A white imp (D:8)
  25 fungi
  30 plants
60 creatures vanquished.

Grand Total: 461 creatures vanquished

Notes
Turn   | Place    | Note
-------+----------+-------------------------------------------
     0 | D:1      | rednaxela the Felid Chaos Knight began the quest for the
                  | Orb.
     0 | D:1      | Reached XP level 1. HP: 10/10 MP: 2/2
    40 | D:1      | XOM: silly message
   249 | D:1      | Reached XP level 2. HP: 14/14 MP: 3/3
   711 | D:2      | Reached XP level 3. HP: 9/17 MP: 4/4
   711 | D:2      | Gained mutation: Your system is resistant to poisons.
                  | (rPois) [potion of mutation]
   711 | D:2      | Gained mutation: Your spells are a little harder to cast,
                  | but a little more powerful. [potion of mutation]
   711 | D:2      | Gained mutation: You have a pair of small antennae on your
                  | head. [potion of mutation]
   725 | D:2      | Found a blossoming altar of Fedhas.
   787 | D:2      | XOM: god gift: wand of acid (11)
   905 | D:2      | XOM: god gift: 11 stones
  1139 | D:2      | XOM: cast spell 'Summon Horrible Things'
  1229 | D:1      | XOM: noise
  1261 | D:1      | XOM: polymorph hobgoblin -> giant cockroach
  1604 | D:1      | XOM: give mutations
  1604 | D:1      | Gained mutation: You are strong-willed. (Will+) [Xom's
                  | grace]
  1604 | D:1      | Gained mutation: You are agile. (Dex +2) [Xom's grace]
  1604 | D:1      | Gained mutation: You are robust. (+10% HP) [Xom's grace]
  1759 | D:1      | XOM is BORED!
  1759 | D:1      | XOM: summons 1 hostile demon
  1819 | D:2      | Reached XP level 4. HP: 23/23 MP: 5/5
  1988 | D:2      | XOM: 2-stop teleportation journey
  2334 | D:2      | XOM: cloud trail
  2925 | D:3      | Found a broken altar of Ashenzari.
  3012 | D:3      | Reached XP level 5. HP: 26/26 MP: 6/6
  3064 | D:3      | Noticed a shapeshifter
  3064 | D:3      | a leopard gecko changed into a shapeshifter
  3064 | D:3      | XOM: polymorph leopard gecko -> shapeshifter
  3064 | D:3      | Noticed a troll
  3064 | D:3      | a shapeshifter changed into a troll
  3069 | D:3      | Noticed a shapeshifter
  3069 | D:3      | a troll changed into a shapeshifter
  3069 | D:3      | XOM: polymorph troll -> shapeshifter
  3069 | D:3      | Noticed a hornet
  3069 | D:3      | a shapeshifter changed into a hornet
  3077 | D:3      | Killed a hornet
  3078 | D:3      | Reached skill level 5 in Dodging
  3078 | D:3      | Gained mutation: You are covered in thick fur. (AC +2)
                  | [Felid growth]
  3078 | D:3      | Reached XP level 6. HP: 27/30 MP: 7/7
  3110 | D:4      | Noticed Blork the orc
  3556 | D:5      | Entered Level 5 of the Dungeon
  3711 | D:4      | XOM: 7-stop teleportation journey
  3934 | D:4      | XOM: 1-stop teleportation journey
  3989 | D:5      | Found a staircase to the Ecumenical Temple.
  4050 | D:4      | Killed Blork the orc
  4051 | D:4      | Reached XP level 7. HP: 34/34 MP: 8/8
  4349 | D:4      | XOM: scenery: summon butterflies
  4445 | D:5      | Found a basalt altar of Yredelemnul.
  4445 | D:5      | XOM: divination: detect items
  4953 | D:5      | XOM: 1-stop teleportation journey
  5054 | D:5      | Found a shimmering altar of Xom.
  5054 | D:5      | Found a burning altar of Makhleb.
  5127 | D:5      | Found an ornate altar of the Wu Jian Council.
  5131 | D:5      | XOM: 4-stop teleportation journey
  5258 | D:4      | XOM is BORED!
  5258 | D:4      | XOM: noise
  5282 | D:5      | XOM: noise
  5293 | D:5      | XOM: potion effect (might)
  5327 | D:5      | XOM: stat loss: -1 Int (15/16)
  5354 | D:5      | Found a snail-covered altar of Cheibriados.
  5356 | D:5      | XOM: summons 2 hostile shadow creatures
  5367 | D:5      | XOM: torment (20/34 hp)
  5385 | D:6      | Reached XP level 8. HP: 34/37 MP: 9/9
  5462 | D:6      | XOM: give mutations
  5462 | D:6      | Lost mutation: Your system is resistant to poisons. (rPois)
                  | [Xom's mischief]
  5462 | D:6      | Lost mutation: You are agile. (Dex +2) [Xom's mischief]
  5472 | D:6      | XOM: torment (22/37 hp)
  5482 | D:6      | Found a glowing silver altar of Zin.
  5482 | D:6      | XOM: 2-stop teleportation journey
  5512 | D:6      | XOM: summons 5 hostile demons
  5513 | D:6      | Noticed a soul eater
  5513 | D:6      | Noticed a sun demon
  5513 | D:6      | Noticed an orange demon
  5552 | D:6      | XOM: confusion
  5586 | D:6      | XOM: enchant monster (bad)
  5588 | D:6      | XOM: polymorph sky beast -> wyvern
  5599 | D:6      | XOM: enchant monster (bad)
  5619 | D:6      | XOM: blink monster(s)
  5633 | D:6      | Found a glowing drain.
  5638 | Sewer    | Entered a sewer
  6056 | D:6      | XOM: divination: magic mapping
  6057 | D:6      | XOM: silly message
  6121 | D:5      | XOM: scenery: create altars
  6147 | D:5      | XOM: god gift: paperback book {god gift}
  6154 | D:5      | Learned a level 4 spell: Cause Fear
  6158 | D:5      | Learned a level 2 spell: Slow
  6206 | D:5      | Reached skill level 1 in Spellcasting
  6206 | D:5      | Reached skill level 1 in Hexes
  6265 | D:5      | Reached skill level 2 in Hexes
  6572 | D:6      | XOM: repel stairs
  6584 | D:6      | Reached skill level 3 in Hexes
  6593 | D:7      | XOM: enchant monster (good)
  6637 | D:6      | XOM: 3-stop teleportation journey
  6654 | D:6      | XOM is BORED!
  6654 | D:6      | XOM: summons 3 hostile demons
  6736 | D:6      | Reached skill level 4 in Hexes
  6898 | D:6      | XOM: god gift: glowing plate armour {god gift}
  7083 | D:6      | Reached skill level 5 in Hexes
  7090 | D:6      | Found Ciaxaesu's Jewellery Shop.
  7300 | D:6      | XOM: cast spell 'Summon Dragon'
  7362 | D:7      | Reached XP level 9. HP: 41/41 MP: 13/15
  7365 | D:7      | Found an opulent altar of Gozag.
  7370 | D:7      | XOM: scenery: summon butterflies
  7481 | D:7      | Reached skill level 6 in Hexes
  7589 | D:7      | XOM: destruction
  7600 | D:7      | XOM: summons 5 friendly demons
  7664 | D:7      | Reached skill level 7 in Hexes
  7881 | D:7      | XOM: summons 2 friendly demons
  7891 | D:7      | Reached skill level 5 in Spellcasting
  7891 | D:7      | Reached skill level 8 in Hexes
  7891 | D:7      | XOM: 5-stop teleportation journey
  7956 | D:7      | XOM: stat loss: -1 Str (7/8)
  8090 | D:7      | Learned a level 3 spell: Confusing Touch
  8094 | D:7      | Learned a level 3 spell: Tukima's Dance
  8097 | D:7      | Learned a level 2 spell: Ensorcelled Hibernation
  8350 | D:8      | Reached skill level 9 in Hexes
  8685 | D:8      | XOM: 1-stop teleportation journey
  8709 | D:8      | XOM: chaos cloud
  8877 | D:8      | Noticed a troll
  8882 | D:8      | Reached skill level 10 in Hexes
  8900 | D:8      | HP: 2/41 [troll (19)]
  8902 | D:8      | a troll changed into a human
  8902 | D:8      | XOM: polymorph troll -> human
  8910 | D:8      | XOM: blink monster(s)
  8911 | D:8      | XOM: polymorph human -> sky beast
  9059 | D:8      | Found a staircase to the Lair.
  9124 | D:8      | Reached XP level 10. HP: 46/46 MP: 13/20
  9411 | D:8      | Noticed a moth of wrath
  9415 | D:8      | Found a bloodstained altar of Trog.
  9424 | D:8      | XOM: noise
  9617 | D:9      | XOM: enchant monster (good)
  9695 | D:9      | XOM: noise
  9724 | D:9      | XOM: summons friendly white imp
  9728 | D:9      | XOM: draining
  9874 | D:9      | XOM: summons 2 hostile shadow creatures
 10022 | D:9      | Learned a level 6 spell: Invisibility
 10084 | D:9      | XOM: summons 5 hostile demons
 10085 | D:9      | Noticed a soul eater
 10335 | D:9      | Reached skill level 11 in Hexes
 10402 | D:9      | XOM: give mutations
 10402 | D:9      | Lost mutation: You are robust. (+10% HP) [Xom's mischief]
 10402 | D:9      | Gained mutation: Your mind is acute. (Int +2) [Xom's
                  | mischief]
 10402 | D:9      | Lost mutation: Your mind is acute. (Int +2) [Xom's
                  | mischief]
 10443 | D:9      | XOM: noise
 10452 | D:10     | Entered Level 10 of the Dungeon
 10492 | D:11     | XOM: noise
 10493 | D:11     | Noticed a four-headed hydra
 10498 | D:11     | Noticed a manticore
 10500 | D:11     | Noticed a two-headed ogre
 10501 | D:11     | Noticed a glowing shapeshifter
 10501 | D:11     | a two-headed ogre changed into a glowing shapeshifter
 10501 | D:11     | XOM: polymorph two-headed ogre -> glowing shapeshifter
 10501 | D:11     | Noticed a two-headed ogre
 10501 | D:11     | a glowing shapeshifter changed into a two-headed ogre
 10503 | D:11     | a two-headed ogre changed into a swamp worm
 10504 | D:11     | Noticed a faun
 10504 | D:11     | a swamp worm changed into a faun
 10991 | D:10     | Found a roughly hewn altar of Beogh.
 11088 | D:10     | XOM: butterfly on damage
 11524 | D:11     | XOM: enchant monster (good)
 11735 | D:10     | XOM: repel stairs
 11772 | D:10     | Reached skill level 12 in Hexes
 11849 | D:11     | Noticed a purple ugly thing
 11874 | D:10     | Killed a purple ugly thing
 11987 | D:11     | HP: 2/42 [manticore (11)]
 11987 | D:11     | Slain by a manticore
 11988 | D:11     | Reached XP level 9. HP: -1/38 MP: 14/22
 12005 | D:11     | Noticed a two-headed ogre
 12009 | D:11     | XOM: butterfly on damage
 12043 | D:11     | Killed a two-headed ogre
 12140 | D:11     | Noticed a black mamba
 12140 | D:11     | a golden eye changed into a black mamba
 12150 | D:11     | Noticed a fire crab
 12150 | D:11     | an eye of draining changed into a fire crab
 12153 | D:11     | Noticed a mana viper
 12153 | D:11     | a fire crab changed into a mana viper
 12154 | D:11     | Noticed a moth of wrath
 12154 | D:11     | a mana viper changed into a moth of wrath
 12183 | D:11     | XOM: smoke on damage
 12187 | D:10     | Noticed a yaktaur
 12187 | D:10     | a moth of wrath changed into a yaktaur
 12187 | D:10     | Noticed a moth of wrath
 12187 | D:10     | a yaktaur changed into a moth of wrath
 12190 | D:10     | Killed a moth of wrath
 12191 | D:10     | Reached skill level 13 in Hexes
 12191 | D:10     | Reached XP level 10. HP: 12/42 MP: 21/23
 12295 | D:11     | XOM: divination: detect items
 12308 | D:11     | Noticed a boulder beetle
 12364 | D:11     | XOM: swap monsters
 12378 | D:11     | XOM: destruction
 12491 | D:11     | XOM: cast spell 'Call Canine Familiar'
 12513 | D:11     | XOM: enchant monster (good)
 12542 | D:11     | XOM: smoke on damage
 12558 | D:11     | XOM: cloud trail
 12577 | D:11     | XOM: swap monsters
 12586 | D:11     | XOM: enchant monster (good)
 12624 | D:11     | XOM: enchant monster (good)
 12706 | D:11     | XOM: enchant monster (bad)
 12708 | D:11     | Noticed a boulder beetle
 12710 | D:11     | XOM: summons 8 friendly demons
 12724 | D:11     | XOM: butterfly on damage
 12812 | D:11     | XOM: enchant monster (bad)
 12817 | D:11     | Mangled by a boulder beetle
 12818 | D:11     | Reached XP level 9. HP: -10/38 MP: 20/23
 12882 | D:11     | XOM: chaos cloud
 12883 | D:11     | XOM: scenery: summon butterflies
 12886 | D:11     | XOM: butterfly on damage
 12888 | D:11     | XOM: cleaving
 12895 | D:11     | XOM: polymorph butterfly -> bat
 12914 | D:11     | XOM: scenery: summon butterflies
 12916 | D:11     | XOM: cleaving
 12935 | D:11     | XOM: cloud trail
 13017 | Lair:1   | Entered Level 1 of the Lair of Beasts
 13028 | Lair:1   | Noticed a komodo dragon
 13086 | Lair:1   | XOM: enchant monster (good)
 13109 | Lair:1   | Noticed a polar bear
 13121 | Lair:1   | XOM: divination: detect items
 13137 | Lair:1   | Killed a polar bear
 13164 | Lair:1   | XOM: summons 2 hostile demons
 13263 | Lair:1   | XOM: summons 9 friendly demons
 13271 | Lair:1   | XOM: summons 3 friendly demons
 13286 | Lair:1   | XOM: butterfly on damage
 13406 | Lair:1   | XOM: summons 6 friendly demons
 13409 | Lair:1   | Reached XP level 10. HP: 21/42 MP: 11/24
 13411 | Lair:1   | Reached skill level 14 in Hexes
 13530 | Lair:1   | XOM: cloud trail
 13534 | Lair:1   | XOM: 9-stop teleportation journey
 13568 | Lair:1   | XOM: scenery: create altars
 14007 | Lair:1   | XOM: smoke on damage
 14040 | Lair:2   | XOM: cleaving
 14115 | Lair:1   | XOM: god gift: 16 stones
 14246 | Lair:2   | Noticed a death yak
 14259 | Lair:2   | Noticed a death yak
 14259 | Lair:2   | Noticed a death yak
 14276 | Lair:1   | a death yak changed into a tyrant leech
 14276 | Lair:1   | XOM: polymorph death yak -> tyrant leech
 14282 | Lair:1   | XOM: god gift: triple crossbow {god gift}
 14298 | Lair:1   | XOM: butterfly on damage
 14301 | Lair:1   | XOM: destruction
 14363 | Lair:2   | XOM: divine lightning
 14376 | Lair:2   | XOM: summons 5 friendly demons
 14419 | Lair:2   | XOM: divination: magic mapping
 14430 | Lair:2   | XOM: cleaving
 14433 | Lair:2   | XOM: god gift: 3 atropa-tipped darts
 14565 | Lair:2   | Reached skill level 10 in Spellcasting
 14638 | Lair:2   | Noticed a death yak
 14650 | Lair:2   | XOM: cast spell 'Summon Hydra'
 14656 | Lair:2   | Noticed a death yak
 14658 | Lair:2   | Killed a death yak
 14659 | Lair:2   | XOM: cleaving
 14660 | Lair:2   | Killed a death yak
 14694 | Lair:2   | XOM: scenery: create altars
 14695 | Lair:2   | XOM: summons friendly white imp
 14698 | Lair:2   | XOM: confuse monster(s)
 14709 | Lair:1   | XOM: summons friendly white imp
 14712 | Lair:1   | XOM: summons 6 friendly demons
 14720 | Lair:1   | XOM: cast spell 'Monstrous Menagerie'
 14726 | Lair:1   | Killed a death yak
 14727 | Lair:1   | Reached skill level 15 in Hexes
 14796 | Lair:2   | XOM: cast spell 'Leda's Liquefaction'
 14843 | Lair:2   | XOM: cloud trail
 14852 | Lair:2   | Noticed a cane toad
 14860 | Lair:2   | Killed a cane toad
 14921 | Lair:2   | Noticed an oklob plant
 14921 | Lair:2   | Noticed an oklob plant
 15007 | Lair:1   | Noticed a glowing shapeshifter
 15007 | Lair:1   | a death yak changed into a glowing shapeshifter
 15007 | Lair:1   | XOM: polymorph death yak -> glowing shapeshifter
 15007 | Lair:1   | Noticed a lindwurm
 15007 | Lair:1   | a glowing shapeshifter changed into a lindwurm
 15010 | Lair:1   | XOM: summons 7 friendly demons
 15010 | Lair:1   | XOM: butterfly on damage
 15012 | Lair:1   | a lindwurm changed into a jumping spider
 15026 | Lair:1   | Noticed an eye of devastation
 15026 | Lair:1   | a troll changed into an eye of devastation
 15027 | Lair:1   | Noticed a wolf spider
 15027 | Lair:1   | an eye of devastation changed into a wolf spider
 15028 | Lair:1   | Noticed a faun
 15028 | Lair:1   | a wolf spider changed into a faun
 15029 | Lair:1   | Noticed a shock serpent
 15029 | Lair:1   | a faun changed into a shock serpent
 15030 | Lair:1   | Noticed a glowing orange brain
 15030 | Lair:1   | a shock serpent changed into a glowing orange brain
 15038 | Lair:1   | Killed a glowing orange brain
 15103 | Lair:2   | XOM: silly message
 15104 | Lair:2   | You fall into a shaft and drop 2 floors!
 15107 | Lair:4   | Reached XP level 11. HP: 45/45 MP: 26/26
 15152 | Lair:4   | XOM: silly message
 15266 | Lair:4   | Learned a level 6 spell: Statue Form
 15284 | Lair:3   | Noticed a four-headed hydra
 15299 | Lair:4   | XOM: confuse monster(s)
 15302 | Lair:4   | XOM: enchant monster (good)
 15306 | Lair:4   | Reached skill level 1 in Transmutations
 15345 | Lair:4   | Reached skill level 1 in Earth Magic
 15390 | Lair:4   | Found a dark tunnel.
 15407 | Lair:5   | Noticed a death yak
 15413 | Lair:5   | Noticed a death yak
 15413 | Lair:5   | Noticed a death yak
 15414 | Lair:5   | Noticed a death yak
 15414 | Lair:5   | Noticed a death yak
 15414 | Lair:5   | Noticed a death yak
 15418 | Lair:4   | Found a staircase to the Snake Pit.
 15418 | Lair:4   | XOM: polymorph naga -> jelly
 15468 | Lair:3   | XOM: cleaving
 15528 | Lair:3   | Noticed a five-headed hydra
 15535 | Lair:2   | XOM: cast spell 'Statue Form'
 15757 | Lair:2   | Found a staircase to the Shoals.
 16031 | Lair:3   | XOM: scenery: create altars
 16040 | Lair:3   | XOM: enchant monster (good)
 16140 | Lair:3   | XOM: noise
 16145 | Lair:3   | XOM: butterfly on damage
 16145 | Lair:3   | XOM: smoke on damage
 16155 | Lair:3   | XOM: fog
 16169 | Lair:2   | XOM: enchant monster (good)
 16200 | Lair:3   | XOM: cast spell 'Monstrous Menagerie'
 16295 | Lair:3   | XOM: divination: magic mapping
 16308 | Lair:2   | XOM: smoke on damage
 16470 | Lair:3   | You fall into a shaft and drop 2 floors!
 16471 | Lair:5   | XOM: divination: magic mapping
 16484 | Lair:5   | XOM: smoke on damage
 16494 | Lair:5   | Slain by a blink frog
 16495 | Lair:5   | Reached XP level 10. HP: -2/42 MP: 31/34
 16495 | Lair:5   | Noticed a death yak
 16586 | Lair:4   | Killed a cane toad
 16591 | Lair:3   | Noticed a four-headed hydra
 16614 | Lair:3   | XOM: cast spell 'Summon Small Mammal'
 16655 | Lair:2   | XOM: potion effect (brilliance)
 16660 | Lair:2   | XOM: enchant monster (good)
 16671 | Lair:2   | XOM: enchant monster (good)
 16692 | Lair:2   | XOM: cast spell 'Leda's Liquefaction'
 16696 | Lair:2   | XOM: butterfly on damage
 16701 | Lair:2   | Killed a four-headed hydra
 16763 | Lair:2   | XOM: stat loss: -1 Dex (15/16)
 16837 | Lair:3   | Reached skill level 5 in Transmutations
 16868 | Lair:3   | Killed a five-headed hydra
 16953 | Lair:3   | XOM: potion effect (curing)
 16959 | Lair:3   | XOM: enchant monster (good)
 16961 | Lair:3   | XOM: silly message
 16963 | Lair:3   | XOM: summons 2 friendly demons
 16977 | Lair:3   | XOM: divination: detect creatures
 16997 | Lair:3   | Reached XP level 11. HP: 20/45 MP: 26/26
 17003 | Lair:3   | XOM: butterfly on damage
 17024 | Lair:3   | XOM: confuse monster(s)
 17034 | Lair:3   | XOM: scenery: create altars
 17045 | Lair:3   | XOM: cleaving
 17061 | Lair:3   | XOM: summons friendly white imp
 17089 | Lair:3   | Noticed Fannar
 17111 | Lair:3   | Killed Fannar
 17112 | Lair:3   | Reached skill level 5 in Earth Magic
 17118 | Lair:3   | XOM: scenery: summon butterflies
 17173 | Lair:3   | XOM: fake destruction
 17213 | Lair:3   | XOM: noise
 17346 | Lair:3   | XOM: summons friendly shadow imp
 17361 | Lair:3   | XOM: swap monsters
 17364 | Lair:3   | XOM: blink monster(s)
 17370 | Lair:3   | XOM: god gift: 793 gold pieces
 17390 | Lair:4   | XOM: blink monster(s)
 17408 | Lair:3   | XOM: swap monsters
 17432 | Lair:2   | XOM: butterfly on damage
 17468 | Lair:2   | XOM: cleaving
 17692 | Lair:3   | XOM: polymorph torpor snail -> merfolk
 17830 | Lair:3   | XOM: torment (24/45 hp)
 17936 | Lair:3   | XOM: blink monster(s)
 18134 | Lair:3   | Killed a four-headed hydra
 18287 | D:6      | Bought a +6 ring of intelligence for 819 gold pieces
 18287 | D:6      | Bought the amulet of the Four Winds {rN+ Will+++ Clar} for
                  | 614 gold pieces
 18287 | D:6      | Found the amulet of the Four Winds {rN+ Will+++ Clar}
 18428 | Lair:3   | XOM: enchant monster (bad)
 18430 | Lair:3   | XOM: swap monsters
 18431 | Lair:3   | XOM: noise
 18706 | Lair:3   | XOM: fake destruction
 18711 | Lair:3   | XOM: draining
 18732 | Lair:3   | Killed a death yak
 18823 | Lair:4   | XOM: 1-stop teleportation journey
 19456 | Lair:5   | XOM: summons friendly white imp
 19457 | Lair:5   | XOM: butterfly on damage
 19457 | Lair:5   | XOM: smoke on damage
 19726 | Lair:4   | Killed a death yak
 19762 | Lair:4   | Gained mutation: Your thick and shaggy fur keeps you warm.
                  | (AC +3, rC+) [Felid growth]
 19762 | Lair:4   | Reached XP level 12. HP: 48/48 MP: 23/27
 19805 | Lair:4   | Killed a death yak
 19816 | Lair:5   | XOM: stat loss: -1 Dex (15/16)
 19825 | Lair:5   | XOM: enchant monster (bad)
 19827 | Lair:5   | XOM: swap monsters
 19828 | Lair:5   | Noticed a death yak
 19828 | Lair:5   | Noticed a death yak
 19829 | Lair:5   | Noticed a death yak
 19829 | Lair:5   | Noticed a death yak
 19842 | Lair:5   | Slain by a blink frog

Illustrated notes

Levels and vault maps discovered:
D:1:      dpeg_arrival_long_road, layout_loops_cross, minmay_splitting_lines
D:2:      layout_basic, marbit_many_paths
D:3:      layout_basic, ashenzari_altar_1
D:4:      layout_rooms, hangedman_decor_diamond_cutter, uniq_blork_the_orc
D:5:      layout_loops_ring, grunt_temple_overflow_champion_of_chaos,
          slow_altar_1, old_standard_altar, pdpol_wu_jian_five_deadly_venoms,
          minmay_temple_entry_tees
D:6:      layout_loops_ring, lemuel_coloured_pillars_altar,
          portal_sewer_entry_e, serial_shops, shop, serial_bayou_pond_d
D:7:      layout_rooms, grunt_gozag_breadcrumbs, minmay_misc_feat_nine_boxes
D:8:      layout_loops_cross, tgw_trog, erik_lair_island
D:9:      layout_loops_ring
D:10:     layout_loops_ring, special_room [special_room_orc],
          nrook_mini_backslash, fungi_pond_lemuel
D:11:     layout_loops_cross
Lair:1:   layout_misc_corridors
Lair:2:   layout_small_grid, shoals_dummy_entry, serial_bayou_shore_a,
          minmay_lair_oklob_chamber
Lair:3:   layout_gridlike, serial_bayou_shore_b, lemuel_fruit_tree, uniq_fannar
Lair:4:   layout_loops_ring, minmay_snake_entry_guardpost_small,
          nicolae_volcano_entry_hallway
Lair:5:   layout_gridlike

Skill      XL: |  1  2  3  4  5  6  7  8  9 10 11 12 |
---------------+-------------------------------------+-----
Dodging        | 4 5 6 7 8 |  8.2
Unarmed Combat | 4 6 8 |  8.8
Spellcasting   | 3 6 10 | 10.6
Hexes          | 5 13 15 | 15.4
Transmutations | 5 8 9 |  9.1
Earth Magic    | 4 7 |  7.5
Fighting       | |  3.2

Action                   |  1- 3 |  4- 6 |  7- 9 | 10-12 || total
-------------------------+-------+-------+-------+-------++-------
Melee: Unarmed           |   139 |   114 |   582 |   704 ||  1539
       Bite              |     8 |    13 |    46 |    78 ||   145
       Punch             |       |     5 |    16 |    32 ||    53
 Cast: Slow              |       |       |    31 |    12 ||    43
       Ensorcelled Hiber |       |       |    52 |   184 ||   236
       Confusing Touch   |       |       |     9 |    54 ||    63
       Tukima's Dance    |       |       |     8 |     7 ||    15
       Cause Fear        |       |       |     8 |     5 ||    13
       Invisibility      |       |       |     1 |     3 ||     4
       Statue Form       |       |       |       |    16 ||    16
 Abil: End Transformatio |       |       |       |     2 ||     2
Evoke: Wand              |     2 |     9 |    13 |    11 ||    35
  Use: Potion            |     1 |       |       |     2 ||     3
       Scroll            |       |     3 |    15 |     7 ||    25
 Stab: Sleeping          |     6 |     4 |    35 |    93 ||   138
       Distracted        |     1 |       |     1 |     2 ||     4
       Paralysed         |       |       |     5 |     3 ||     8
       Invisible         |       |       |     4 |    11 ||    15
       Confused          |       |       |     3 |    31 ||    34
       Petrified         |       |       |       |     6 ||     6
Armor: Skin              |     8 |     7 |    13 |    66 ||    94
Dodge: Dodged            |   105 |    96 |   440 |   723 ||  1364

Table legend: (Time is in decaauts)
 A = Elapsed time spent in this place.
 B = Non-inter-level travel time spent in this place.
 C = Inter-level travel time spent in this place.
 D = Time resting spent in this place.
 E = Time spent auto-exploring this place.
 F = Levels seen in this place.
 G = Mean time per level.
                   A        B        C        D        E       F      G
               +--------+--------+--------+--------+--------+-----+--------+
         Total |  17782 |  16864 |    918 |   2896 |   6896 |  17 | 1046.0 |
       Dungeon |  11232 |  10669 |    563 |   2088 |   4145 |  11 | 1021.1 |
          Lair |   6177 |   5823 |    354 |    808 |   2674 |   5 | 1235.4 |
         Sewer |    372 |    372 |      0 |      0 |     76 |   1 |  372.0 |
               +--------+--------+--------+--------+--------+-----+--------+

Top non-repeatable levels by time:
  Lair:3: 1934 daAuts
     D:2: 1751 daAuts
  Lair:2: 1686 daAuts
    D:10: 1490 daAuts
     D:8: 1275 daAuts
  Lair:4: 1260 daAuts
     D:5: 1256 daAuts
  Lair:1: 1187 daAuts
     D:6: 945 daAuts
     D:1: 845 daAuts
     D:7: 844 daAuts
     D:4: 802 daAuts
    D:11: 771 daAuts
     D:9: 738 daAuts
     D:3: 511 daAuts
